 Dungeon Crawl Stone Soup version 0.17-a0-2147-gfb20a63 (webtiles) character file.

447 4thArraOfDagon the Ruffian (level 6, 1/52 HPs)
             Began as a Draconian Artificer on Oct 24, 2015.
             Quit the game on level 6 of the Dungeon.
             The game lasted 00:09:33 (1305 turns).

4thArraOfDagon the Ruffian (Draconian Artificer)    Turns: 1305, Time: 00:09:34

Health: 1/52       AC:  6    Str: 14    XL:     6   Next: 73%
Magic:  8/8        EV: 13    Int: 14    God:
Gold:   109        SH:  0    Dex: 11    Spells: 0 memorised, 5 levels left

rFire  . . .     SeeInvis .       - Unarmed
rCold  + . .     Clarity  .     (armour unavailable)
rNeg   + . .     SustAt   .     (no shield)
rPois  .         Gourm    +     (helmet restricted)
rElec  .         Spirit   .     (no cloak)
rCorr  .         Warding  .     (no gloves)
rMut   .         Stasis   .     (no boots)
MR     .....                    l - amulet of the gourmand
Stlth  +.........               n - ring of positive energy
                                f - ring of protection from cold

@: lethally poisoned (1 -> 0), exhausted, slowed, very slow, not resistant to
hostile enchantments, very unstealthy
A: unfitting armour, cold-blooded, AC +6
a: no special abilities


You were on level 6 of the Dungeon.
You were very hungry.

You visited 1 branch of the dungeon, and saw 6 of its levels.

You collected 109 gold pieces.

Inventory:

Hand Weapons
 a - a +0 short sword
 k - a +0 club
Jewellery
 f - a ring of protection from cold (left hand)
 l - an amulet of the gourmand (around neck)
 n - a ring of positive energy (right hand)
Wands
 b - a wand of flame (0)
 c - a wand of enslavement (10)
 d - a wand of random effects (0)
 h - a wand of slowing (17)
Scrolls
 i - a scroll of teleportation
 j - 3 scrolls of fog
 t - a scroll of remove curse
Potions
 g - a potion of cancellation
 m - a potion of agility
 o - a potion of brilliance
 p - a potion of invisibility
Comestibles
 e - 5 bread rations
 q - 3 fruits
 r - a chunk of flesh
 s - a meat ration
 v - a slice of pizza


   Skills:
 + Level 3.7 Fighting
 - Level 1.0 Short Blades
 + Level 3.5 Dodging
 - Level 0.8 Stealth
 * Level 4.8 Unarmed Combat
 - Level 3.0 Evocations


You had 5 spell levels left.
You didn't know any spells.

Dungeon Overview and Level Annotations

Branches:
Dungeon (6/15)
 Temple: D:4-7

Altars:
Ashenzari
Fedhas
Gozag
Trog

Shops:
D:4 [


Innate Abilities, Weirdness & Mutations

Your plain brown scales are hard (AC +6).
Your body does not fit into most forms of armour.
You are cold-blooded and may be slowed by cold attacks.


Message History

* * * LOW HITPOINT WARNING * * *
The adder barely misses you.
You hit the adder.
The adder is severely wounded.
* * * LOW HITPOINT WARNING * * *
You feel sick. The adder closely misses you.
Drink which item? (? for menu, Esc to quit)
Okay, then.
You closely miss the adder.
The adder is severely wounded.
The adder barely misses you. The adder bites you but does no damage.
Unknown command.
You miss the adder.
The adder is severely wounded.
* * * LOW HITPOINT WARNING * * *
You feel sick. The adder bites you.
* * * LOW HITPOINT WARNING * * *
The adder misses you.
Unknown command.
Are you sure you want to abandon this character and quit the game? (Confirm with "yes".)

# #########.#
#<........####
######@.......
#S...####
#........
#....####
#......
....#### .....
......


You could see an adder.

Vanquished Creatures
  A black bear (D:6)
  An ice beast (D:6)
  A crimson imp (D:5)
  A jelly (D:5)
  2 orc priests
  A gnoll (D:1)
  4 adders (D:3)
  An ooze (D:3)
  A worm (D:3)
  A giant gecko (D:5)
  7 orcs
  A ball python (D:2)
  3 bats
  4 giant cockroaches
  3 hobgoblins
  4 jackals
  6 kobolds
  3 giant newts
  5 goblins
  9 rats
59 creatures vanquished.

Vanquished Creatures (collateral kills)
  An orc priest (D:3)
  A worker ant (D:5)
  2 adders
  A worm (D:3)
  2 orcs (D:3)
  A kobold (D:1)
  A bat (D:3)
9 creatures vanquished.

Vanquished Creatures (others)
  A jackal (D:5)
1 creature vanquished.

Grand Total: 69 creatures vanquished

Notes
Turn   | Place    | Note
--------------------------------------------------------------
     0 | D:1      | 4thArraOfDagon the Draconian Artificer began the quest for the Orb.
     0 | D:1      | Reached XP level 1. HP: 16/16 MP: 3/3
   120 | D:1      | Reached skill level 1 in Unarmed Combat
   120 | D:1      | Reached XP level 2. HP: 4/24 MP: 4/4
   379 | D:2      | Reached XP level 3. HP: 25/29 MP: 5/5
   456 | D:2      | Found an opulent altar of Gozag.
   462 | D:2      | Found a blossoming altar of Fedhas.
   639 | D:3      | Reached XP level 4. HP: 29/36 MP: 6/6
   862 | D:3      | Reached XP level 5. HP: 27/42 MP: 7/7
   870 | D:3      | Found a faded altar to an unknown god.
   961 | D:4      | Found Idac's Antique Armour Emporium.
  1018 | D:4      | Found a shattered altar of Ashenzari.
  1057 | D:5      | Entered Level 5 of the Dungeon
  1076 | D:5      | Found a bloodstained altar of Trog.
  1104 | D:5      | Noticed an ice beast
  1212 | D:5      | Reached skill level 4 in Unarmed Combat
  1270 | D:6      | Noticed a black bear
  1278 | D:6      | Killed a black bear
  1278 | D:6      | Reached XP level 6. HP: 19/51 MP: 8/8
  1282 | D:6      | Killed an ice beast
  1304 | D:6      | HP: 2/52 [poisoned by an adder]
  1305 | D:6      | Quit the game

Vault maps used:
D:1:      dpeg_arrival_ratfight, minmay_misc_feat_roman
D:2:      amethyst_overflow_temple_binary, minmay_misc_feat_encased,
          okawaru_gym_becter, uniq_jessica
D:3:      ecumenical_altar_1
D:4:      kennysheep_the_goblin_king, ashenzari_altar_1,
          minmay_temple_entry_statues_pillars, serial_shops, shop, minivault_25,
          uniq_edmund
D:5:      lightli_temple_of_fire, first_bread, nicolae_ossuary_entry_giza

Action                   |  1- 3 |  4- 6 || total
-------------------------+-------+-------++-------
Melee: Short sword       |    68 |       ||    68
       Unarmed           |    61 |   107 ||   168
Evoke: Wand              |    13 |    24 ||    37
  Use: Potion            |     2 |     1 ||     3
       Scroll            |     4 |     3 ||     7
 Stab: Sleeping          |     2 |       ||     2
       Paralysed         |     2 |       ||     2
       Distracted        |       |     1 ||     1
  Eat: Chunk             |       |     1 ||     1
